 Dungeon Crawl Stone Soup version 0.28.0-43-g3370ac3207 (webtiles) character file.

Game seed: 17040924448746201242

296 jimonade the Spear-Bearer (level 6, 0/44 HPs)
             Began as a Gnoll Wanderer on Mar 13, 2022.
             Succumbed to a scorpion's poison
             ... on level 3 of the Dungeon.
             The game lasted 00:09:13 (3119 turns).

jimonade the Spear-Bearer (Gnoll Wanderer)          Turns: 3119, Time: 00:09:13

Health: 0/44       AC:  8    Str: 12    XL:     6   Next: 34%
Magic:  8/8        EV:  9    Int: 15    God:
Gold:   120        SH:  0    Dex:  9    Spells: 8/8 levels left

rFire   . . .      SeeInvis .   a - +2 spear
rCold   . . .      Faith    .   (no shield)
rNeg    . . .      Spirit   .   l - +0 scale mail
rPois   .          Reflect  .   e - +0 helmet
rElec   .          Harm     .   (no cloak)
rCorr   .          Rampage  .   c - +0 pair of gloves
Will    .....                   (no boots)
Stlth   +.........              (no amulet)
HPRegen 0.14/turn               (no ring)
MPRegen 0.11/turn               (no ring)

@: lethally poisoned (0 -> -4)
A: fangs 1, strong nose, distributed training
a: no special abilities


You were on level 3 of the Dungeon.
You visited 1 branch of the dungeon, and saw 4 of its levels.

You collected 120 gold pieces.

Inventory:

Hand Weapons
 a - a +2 spear (weapon)
 b - a +0 hand axe
 n - a +0 mace
 x - a +0 hunting sling
Missiles
 f - 90 stones (quivered)
 m - 15 arrows
 q - 2 poisoned darts
 w - 27 bolts
Armour
 c - a +0 pair of gloves (worn)
 d - a +0 robe
 e - a +0 helmet (worn)
 i - a +0 ring mail
 l - a +0 scale mail (worn)
Magical Staves
 v - a staff of cold
Jewellery
 p - a ring of flight
 r - a ring of protection from fire
Wands
 y - a wand of iceblast (11)
Scrolls
 h - a scroll of enchant armour {unknown}
 j - 2 scrolls of identify {unknown}
 k - 2 scrolls of enchant weapon {unknown}
 o - 2 scrolls of blinking
 t - a scroll of immolation {unknown}
 u - a scroll of noise {unknown}
 z - a scroll of teleportation {unknown}
Potions
 g - 2 potions of curing {unknown}
 s - a potion of haste {unknown}


   Skills:
 + Level 1.9 Fighting
 + Level 1.9 Short Blades
 + Level 1.9 Long Blades
 + Level 5.0 Axes
 + Level 1.9 Maces & Flails
 + Level 10.6 Polearms
 + Level 1.9 Staves
 + Level 1.9 Slings
 + Level 1.9 Bows
 + Level 1.9 Crossbows
 + Level 1.9 Throwing
 + Level 1.9 Armour
 + Level 3.2 Dodging
 + Level 4.6 Stealth
 + Level 1.9 Shields
 + Level 1.9 Unarmed Combat
 + Level 1.9 Spellcasting
 + Level 1.5 Conjurations
 + Level 1.5 Hexes
 + Level 1.5 Summonings
 + Level 1.5 Necromancy
 + Level 1.5 Translocations
 + Level 1.5 Transmutations
 + Level 1.5 Fire Magic
 + Level 1.5 Ice Magic
 + Level 1.5 Air Magic
 + Level 1.5 Earth Magic
 + Level 1.5 Poison Magic
 + Level 2.1 Invocations
 + Level 1.9 Evocations


You had 8 spell levels left.
You didn't know any spells.
Your spell library contained the following spells:

 Spells                   Type           Power      Damage    Failure   Level
 Sublimation of Blood     Necr           6%         N/A       67%         2
 Wereblood                Tmut           6%         N/A       67%         2
 Summon Hydra             Summ           3%         N/A       100%        7


Dungeon Overview and Level Annotations

Branches:
Dungeon (4/15)
 Temple: D:4-7

Altars:

Shops:
D:1 *   D:3 [:[*


Innate Abilities, Weirdness & Mutations

You have very sharp teeth.
Your uncanny sense of smell can sniff out nearby items.
Your experience applies equally to all skills.


Message History

Blink to where?
Press: ? - help, Dir - move target
As you read the scroll labelled KUNEUB VUAHY, it crumbles to dust.
It was a scroll of blinking.
You feel sick.
The ball python bites you but does no damage.
The ball python completely misses you. The adder barely misses you.
The ball python closely misses you. The ball python grabs you.
The ball python constricts you.
You escape the ball python's grasp.
You feel sick.
You are no longer poisoned.
The adder bites you but does no damage.
Found a dagger.
The adder barely misses you.
There is a stone staircase leading up here.
The adder bites you.
* * * LOW HITPOINT WARNING * * *
The scorpion stings you.
* * * LOW HITPOINT WARNING * * *
You are lethally poisoned!
The scorpion poisons you!
You climb upwards.
* * * LOW HITPOINT WARNING * * *
You feel very sick.
There is a stone staircase leading down here.
You closely miss the adder.
* * * LOW HITPOINT WARNING * * *
You feel sick. The adder closely misses you.
You hit the adder.
The adder is lightly wounded.
* * * LOW HITPOINT WARNING * * *
You feel sick.
You hit the adder.
The adder is moderately wounded.
* * * LOW HITPOINT WARNING * * *
You feel sick. The adder closely misses you.
You puncture the adder!
You kill the adder!
* * * LOW HITPOINT WARNING * * *
You feel sick.
Your Axes skill increases to level 5!
You die...

≈≈♣PPP##########.# #.#.#.#
♣♣PP.≈.........#.# #.#<#.#
≈≈♣P...#######.#.# #.#.#.#
≈≈♣PP.P......#.#.# #.#.#.#
P≈≈♣≈≈PPPP...#.#.# #.#.#.#
PP.P♣≈≈≈P≈...#.#.# #.#.#.#
##..≈P≈♣≈≈≈P.#.#.# #.#.#.#
###P≈PPPP≈P.#.#.###.#.#.#
#####.≈.PP≈≈.#.#@....#.#.#
......'..≈≈P.'..>......#.#
#######......#.#########.#
#......#...........#
#####......#############
#.....[....#
###..........#
..#..........#
..#..........#


There were no monsters in sight!

Vanquished Creatures
  A scorpion (D:4)
  A centaur skeleton (D:4)
  Natasha (thrice) (D:2)
  Robin (D:2)
  4 adders
  2 worms (D:2)
  3 dart slugs
  2 orcs
  2 ball pythons
  4 endoplasms
  A giant cockroach (D:1)
  13 goblins
  8 hobgoblins
  3 quokkas
  9 bats
  7 frilled lizards
  4 kobolds
  7 rats
75 creatures vanquished.

Notes
Turn   | Place    | Note
-------+----------+-------------------------------------------
     0 | D:1      | Reached skill level 10 in Polearms
     0 | D:1      | jimonade the Gnoll Wanderer began the quest for the Orb.
     0 | D:1      | jimonade set off with the following items: a +2 spear, a +0
                  | hand axe, a +0 pair of gloves, a +0 robe
     0 | D:1      | Reached XP level 1. HP: 13/13 MP: 1/1
    49 | D:1      | Reached XP level 2. HP: 19/19 MP: 2/2
   107 | D:1      | Found Jenaewk's Assorted Antiques.
   501 | D:1      | Reached XP level 3. HP: 25/25 MP: 3/3
   903 | D:2      | Noticed Natasha
   913 | D:2      | Killed Natasha
   914 | D:2      | Reached skill level 1 in Fighting
   914 | D:2      | Reached skill level 1 in Short Blades
   914 | D:2      | Reached skill level 1 in Long Blades
   914 | D:2      | Reached skill level 1 in Maces & Flails
   914 | D:2      | Reached skill level 1 in Staves
   914 | D:2      | Reached skill level 1 in Slings
   914 | D:2      | Reached skill level 1 in Bows
   914 | D:2      | Reached skill level 1 in Crossbows
   914 | D:2      | Reached skill level 1 in Throwing
   914 | D:2      | Reached skill level 1 in Armour
   914 | D:2      | Reached skill level 1 in Shields
   914 | D:2      | Reached skill level 1 in Unarmed Combat
   914 | D:2      | Reached skill level 1 in Spellcasting
   914 | D:2      | Reached skill level 1 in Invocations
   914 | D:2      | Reached skill level 1 in Evocations
   914 | D:2      | Reached XP level 4. HP: 32/32 MP: 5/5
  1076 | D:2      | Found a faded altar of an unknown god.
  1150 | D:2      | Noticed Robin
  1184 | D:2      | Killed Robin
  1185 | D:2      | Reached skill level 1 in Conjurations
  1185 | D:2      | Reached skill level 1 in Hexes
  1185 | D:2      | Reached skill level 1 in Summonings
  1185 | D:2      | Reached skill level 1 in Necromancy
  1185 | D:2      | Reached skill level 1 in Translocations
  1185 | D:2      | Reached skill level 1 in Transmutations
  1185 | D:2      | Reached skill level 1 in Fire Magic
  1185 | D:2      | Reached skill level 1 in Ice Magic
  1185 | D:2      | Reached skill level 1 in Air Magic
  1185 | D:2      | Reached skill level 1 in Earth Magic
  1185 | D:2      | Reached skill level 1 in Poison Magic
  1222 | D:2      | Reached XP level 5. HP: 37/37 MP: 6/6
  1334 | D:2      | Noticed Natasha
  1367 | D:2      | Killed Natasha
  1574 | D:2      | Noticed Natasha
  1585 | D:2      | Killed Natasha
  1931 | D:3      | Found Qaqaawu's Antique Armour Emporium.
  1958 | D:3      | Found Dayg's Armour Shop.
  1993 | D:3      | Found Muapibb's Assorted Antiques.
  2165 | D:3      | Found Timeikuv's Book Emporium.
  2927 | D:4      | Reached XP level 6. HP: 43/44 MP: 8/8
  3117 | D:3      | HP: 2/44 [poisoned by a scorpion]
  3119 | D:3      | Reached skill level 5 in Axes
  3119 | D:3      | Succumbed to a scorpion's poison

Illustrated notes

Levels and vault maps discovered:
D:1:      minmay_arrival_four_circles, layout_basic, serial_shops,
          nicolae_shop_overgrown_old_shop
D:2:      layout_loops_ring, hellmonk_ecumenical_altar_heavens_door,
          minivault_24, minmay_pentomino_z2, uniq_robin, uniq_natasha
D:3:      layout_basic, serial_shops, nicolae_shop_advertising_works
          [nicolae_subvault_shop_adworks], nicolae_shop_overgrown_old_shop,
          shop, shop, serial_bayou_lagoon_a, kennysheep_cluttered_room,
          kennysheep_generic_room_6
D:4:      layout_loops_ring, minmay_temple_entry_hall

Skill      XL: |  1  2  3  4  5  6 |
---------------+-------------------+-----
Polearms       | | 10.6
Fighting       | 1 |  1.9
Short Blades   | 1 |  1.9
Long Blades    | 1 |  1.9
Maces & Flails | 1 |  1.9
Staves         | 1 |  1.9
Slings         | 1 |  1.9
Bows           | 1 |  1.9
Crossbows      | 1 |  1.9
Throwing       | 1 |  1.9
Armour         | 1 |  1.9
Shields        | 1 |  1.9
Unarmed Combat | 1 |  1.9
Spellcasting   | 1 |  1.9
Invocations    | 1 2 |  2.1
Evocations     | 1 |  1.9
Conjurations   | 1 |  1.5
Hexes          | 1 |  1.5
Summonings     | 1 |  1.5
Necromancy     | 1 |  1.5
Translocations | 1 |  1.5
Transmutations | 1 |  1.5
Fire Magic     | 1 |  1.5
Ice Magic      | 1 |  1.5
Air Magic      | 1 |  1.5
Earth Magic    | 1 |  1.5
Poison Magic   | 1 |  1.5
Dodging        | 3 |  3.2
Axes           | 5 |  5.0
Stealth        | |  4.6

Action                   |  1- 3 |  4- 6 || total
-------------------------+-------+-------++-------
Melee: Spear             |    84 |   193 ||   277
       Bite              |     5 |    13 ||    18
Throw: Stone             |       |     9 ||     9
  Use: Scroll            |       |     1 ||     1
 Stab: Sleeping          |     9 |     2 ||    11
Armor: Robe              |     2 |       ||     2
       Ring mail         |     2 |    26 ||    28
       Scale mail        |       |    27 ||    27
Dodge: Dodged            |    16 |    51 ||    67
